 Dungeon Crawl Stone Soup version 0.31-a0-210-gccc998df9b (webtiles) character file.

Game seed: 6334022164639260145

63 qw the Shooter (level 4, -4/26 HPs)
             Began as a Gargoyle Hexslinger on June 29, 2023.
             Slain by an ogre
             ... wielding a +0 giant spiked club
              (30 damage)
             ... on level 4 of the Dungeon.
             The game lasted 00:00:40 (2004 turns).

qw the Shooter (Gargoyle Hexslinger)                Turns: 2004, Time: 00:00:40

Health: -4/26      AC: 11    Str: 11    XL:     4   Next: 9%
Magic:  5/5        EV: 15    Int: 14    God:
Gold:   126        SH:  0    Dex: 14    Spells: 4/5 levels left

rFire   . . .        Y - +4 sling
rCold   . . .        (no shield)
rNeg    + . .        g - +0 ring mail
rPois   inf          i - +1 helmet
rElec   +            (no cloak)
rCorr   .            l - +0 pair of gloves
SInv    .            (no boots)
Will    .....        (no amulet)
Stlth   +            k - +5 ring of evasion
HPRegen 0.24/turn    (no ring)
MPRegen 0.09/turn

%: no passive effects
@: no status effects
A: sickness immunity, AC +3, negative energy resistance 1, electricity
resistance, torment resistance 1, petrification resistance
a: no special abilities


You were on level 4 of the Dungeon.
You visited 1 branch of the dungeon, and saw 4 of its levels.

You collected 126 gold pieces.


Innate Abilities, Weirdness & Mutations

You are immune to sickness and miasma.
Your stone body is resilient. (AC +3)
You are immune to poison.
You resist negative energy. (rN+)
You are resistant to electric shocks. (rElec)
You are resistant to unholy torment.
You are immune to petrification.


   Skills:
 - Level 2.0 Fighting
 + Level 3.7 Ranged Weapons
 - Level 1.0 Armour
 - Level 1.5 Dodging
 - Level 1.0 Spellcasting
 - Level 2.6 Hexes


You had 4 spell levels left.
You knew the following spells:

 Your Spells              Type           Power      Damage    Failure   Level
a - Slow                  Hex            32%        N/A       21%         1

Your spell library contained the following spells:

 Spells                   Type           Power      Damage    Failure   Level
 Inner Flame              Hex/Fire       4%         N/A       71%         3
 Portal Projectile        Hex/Tloc       8%         N/A       71%         3
 Cause Fear               Hex            4%         N/A       90%         4

Inventory:

Hand Weapons
 Y - a +4 sling (weapon)
Armour
 g - a +0 ring mail (worn)
 i - a +1 helmet (worn)
 l - a +0 pair of gloves (worn)
Jewellery
 k - a +5 ring of evasion (left hand)
Scrolls
 a - a scroll of identify
Potions
 b - a potion of resistance
 d - a potion of enlightenment
 e - a potion of cancellation
 f - a potion of attraction {unknown}
 h - a potion of brilliance {unknown}

Dungeon Overview and Level Annotations

Branches:
Dungeon (4/15)
 Temple: D:4-7

Altars:

Portals:
Abyss: D:3

Annotations:
D:3 2 transporters, qw's ghost, amateur DEHu


Message History

You shoot a sling bullet. The sling bullet hits the kobold!
You kill the kobold!
You now have 126 gold pieces (gained 11).
Things that are here:
a +0 short sword; 5 poisoned darts A kobold comes into view.
It is wielding a +0 whip.
The kobold shouts!
The kobold throws a stone.
The stone barely misses you.
You shoot a sling bullet. The sling bullet hits the kobold!
You kill the kobold!
Found a stone staircase leading down.
An ogre comes into view. It is wielding a +0 giant spiked club.
You shoot a sling bullet. The ogre shouts!
The sling bullet hits the ogre.
The ogre is lightly wounded.
You shoot a sling bullet.
The sling bullet barely misses the ogre.
You shoot a sling bullet. The sling bullet hits the ogre!
The ogre is heavily wounded.
You shoot a sling bullet.
The sling bullet barely misses the ogre.
A scorpion comes into view.
You shoot a sling bullet.
The sling bullet barely misses the ogre.
The sling bullet hits the scorpion.
The scorpion is lightly wounded.
The ogre completely misses you.
You shoot a sling bullet.
The sling bullet barely misses the ogre.
The sling bullet barely misses the scorpion.
The ogre misses you.
You shoot a sling bullet. The sling bullet hits the ogre.
The ogre is severely wounded.
The ogre barely misses you.
You shoot a sling bullet. The sling bullet hits the ogre.
The ogre is almost dead.
The ogre hits you with a +0 giant spiked club!!
Ouch! That really hurt!
You die...

#....<..# ##.## #......#
#...# #......# #...#
#...).# #...# #.....###
#...#######.....#.
#.#####................)
#..)............#.....##
....$.O@................
......s........)##...###
..#####....####.##.#.###
#.........##......
#...##########.###
#..... . #....#>
#.#.##.# .....# .


You could see an ogre and a scorpion.

Vanquished Creatures
  An adder (D:2)
  4 worms
  A ball python (D:3)
  2 bats
  5 endoplasms
  2 giant cockroaches
  5 goblins
  2 hobgoblins
  5 jackals (D:3)
  6 kobolds
  2 frilled lizards
  3 rats
38 creatures vanquished.

Notes
Turn   | Place    | Note
-------+----------+-------------------------------------------
     0 | D:1      | qw the Gargoyle Hexslinger began the quest for the Orb.
     0 | D:1      | Reached XP level 1. HP: 12/12 MP: 2/2
     0 | D:1      | 0 ||| qw: Version: 0.3-a-24-ga2abf7b
     0 | D:1      | 0 ||| qw: Game counter: 6918
     0 | D:1      | 0 ||| qw: Melee chars always use a shield: true
     0 | D:1      | 0 ||| qw: God list: Okawaru
     0 | D:1      | 0 ||| qw: Allow faded altars: false
     0 | D:1      | 0 ||| qw: Do Orc after clearing Dungeon:15 true
     0 | D:1      | 0 ||| qw: Do second Lair branch before Depths: true
     0 | D:1      | 0 ||| qw: Lair rune preference: random
     0 | D:1      | 0 ||| qw: Goals: Normal
     0 | D:1      | 0 ||| PLANNING D:1-11
    29 | D:1      | Found a faded altar of an unknown god.
   207 | D:1      | Reached XP level 2. HP: 16/16 MP: 3/3
   454 | D:1      | Reached skill level 3 in Ranged Weapons
   673 | D:1      | 673 ||| UPGRADING to +0 ring mail.
   683 | D:1      | 683 ||| DROPPING +0 robe.
   684 | D:1      | 684 ||| UPGRADING to +0 pair of gloves.
   689 | D:1      | 689 ||| UPGRADING to +5 ring of evasion.
   690 | D:1      | 690 ||| READING scroll labelled COLISASKIZIMO.
   691 | D:1      | 691 ||| READING scroll labelled NAFYNA CEPOOMA.
   692 | D:1      | 692 ||| READING scroll labelled VOTHRE XUVIFAO.
   693 | D:1      | 693 ||| DROPPING scroll of poison.
   885 | D:2      | You fall into a shaft and drop 1 floor!
  1040 | D:2      | Reached XP level 3. HP: 21/21 MP: 4/4
  1122 | D:2      | Reached skill level 1 in Armour
  1304 | D:2      | 1304 ||| READING scroll labelled MUIVAFI GAEFI.
  1305 | D:2      | 1305 ||| DRINKING 2 murky silvery potions.
  1306 | D:2      | 1306 ||| READING 2 scrolls of identify.
  1306 | D:2      | 1306 ||| IDENTIFYING yellow potion
  1394 | D:3      | Found a transporter.
  1568 | D:3      | Found a transporter.
  1572 | D:3      | Noticed a small abomination
  1601 | D:3      | Found a one-way gate to the infinite horrors of the Abyss.
  1601 | D:3      | Noticed qw's ghost (amateur DEHu)
  1601 | D:3      | Noticed a small abomination
  1619 | D:3      | 1619 ||| READING scroll of enchant weapon.
  1619 | D:3      | 1619 ||| ENCHANTING +2 sling.
  1718 | D:3      | 1718 ||| SWAPPING to +4 sling.
  1719 | D:3      | 1719 ||| DROPPING +3 sling.
  1929 | D:3      | Reached XP level 4. HP: 26/26 MP: 5/5
  1945 | D:3      | 1945 ||| UPGRADING to +1 helmet.
  1950 | D:3      | 1950 ||| READING scroll labelled DAPNATZA ATARY.
  1955 | D:3      | 1955 ||| READING scroll labelled TAOGOZ FOCE.
  1956 | D:3      | 1956 ||| READING 2 scrolls of identify.
  1956 | D:3      | 1956 ||| IDENTIFYING emerald potion
  1996 | D:4      | Noticed an ogre
  2000 | D:4      | Noticed a scorpion
  2004 | D:4      | Slain by an ogre

Levels and vault maps discovered:
D:1:      psy_arrival_fountain, layout_basic, basic_ecumenical_altar
D:2:      layout_basic
D:3:      layout_loops_ring, gammafunk_ghost_abyssal_escape
D:4:      layout_loops_cross, uniq_edmund

Skill      XL: |  1  2  3 |
---------------+----------+-----
Ranged Weapons | 3 |  3.7
Fighting       | 2 |  2.0
Armour         | 1 |  1.0
Dodging        | |  1.5
Spellcasting   | |  1.0
Hexes          | |  2.6

Action                     |  1- 3 |  4- 6 || total
---------------------------+-------+-------++-------
   Fire: Sling             |   112 |    12 ||   124
    Use: Scroll            |     6 |     3 ||     9
         Potion            |     1 |       ||     1
 Armour: Robe              |     4 |       ||     4
         Ring mail         |     8 |       ||     8
  Dodge: Dodged            |    32 |     4 ||    36

Table legend:
 A = Non-vault XP
 B = Vault XP
 C = Vault XP percentage of total XP
 D = Non-vault monster count
 E = Vault monster count
 F = Vault count percentage of total count
                 A         B        C        D         E       F
            +---------+---------+-------+---------+---------+-------
      Total |      90 |       0 |   0.0 |      38 |       0 |   0.0
            +---------+---------+-------+---------+---------+-------
        D:1 |      19 |       0 |   0.0 |      11 |       0 |   0.0
        D:2 |      34 |       0 |   0.0 |       9 |       0 |   0.0
        D:3 |      33 |       0 |   0.0 |      15 |       0 |   0.0
        D:4 |       4 |       0 |   0.0 |       3 |       0 |   0.0
            +---------+---------+-------+---------+---------+-------
